 Dungeon Crawl Stone Soup version 0.30-a0-824-g6c64550be9 (webtiles) character file.

Game seed: 10943660996988433044

994 cforsyth the Covert (level 8, -1/50 HPs)
             Began as a Kobold Brigand on Feb 27, 2023.
             Slain by a gnoll
             ... wielding a +0 whip
             ... led by a gnoll bouda
              (7 damage)
             ... on level 6 of the Dungeon.
             The game lasted 00:07:16 (5626 turns).

cforsyth the Covert (Kobold Brigand)                Turns: 5626, Time: 00:07:16

Health: -1/50      AC:  7    Str:  8    XL:     8   Next: 42%
Magic:  8/8        EV: 17    Int: 13    God:
Gold:   270        SH:  0    Dex: 18    Spells: 7/7 levels left

rFire   . . .      SeeInvis +    a - +2 dagger
rCold   + . .      Faith    .    (no shield)
rNeg    . . .      Spirit   .    b - +0 robe
rPois   .          Reflect  .    (no helmet)
rElec   .          Harm     .    c - +0 cloak
rCorr   .          Rampage  .    i - +0 pair of gloves
Will    .....                    m - +0 pair of boots
Stlth   +++++                    (no amulet)
HPRegen 0.28/turn                (no ring)
MPRegen 0.11/turn                (no ring)

@: no status effects
A: small, no large weapons, nightstalker 3, iridescent scales 1, see invisible,
cold resistance 1
a: no special abilities


You were on level 6 of the Dungeon.
You visited 1 branch of the dungeon, and saw 6 of its levels.
You also visited: Sewer.

You collected 270 gold pieces.

Inventory:

Hand Weapons
 a - a +2 dagger (weapon)
Missiles
 d - 22 poisoned darts (quivered)
 e - 3 curare-tipped darts
 z - 2 throwing nets
Armour
 b - a +0 robe (worn)
 c - a +0 cloak (worn)
 i - a +0 pair of gloves (worn)
 m - a +0 pair of boots (worn)
Jewellery
 x - a +6 ring of dexterity
Scrolls
 h - a scroll of noise {unknown}
 j - 4 scrolls of identify {unknown}
 l - 4 scrolls of enchant weapon {unknown}
 p - 5 scrolls of teleportation {unknown}
 q - 2 scrolls of enchant armour {unknown}
 s - a scroll of fear {unknown}
 t - a scroll of blinking {unknown}
 w - a scroll of amnesia {unknown}
 y - a scroll of brand weapon {unknown}
Potions
 f - a potion of attraction
 g - a potion of heal wounds
 k - a potion of degeneration
 n - a potion of might {unknown}
 o - a potion of haste
 r - a potion of flight {unknown}
 u - a potion of cancellation
 v - 2 potions of curing {unknown}


   Skills:
 + Level 5.4 Fighting
 + Level 6.6 Short Blades
 - Level 2.1 Throwing
 + Level 5.4 Dodging
 + Level 8.4 Stealth


You had 7 spell levels left.
You didn't know any spells.
Your spell library contained the following spells:

 Spells                   Type           Power      Damage    Failure   Level
 Sting                    Tmut/Pois      0%         1d3       30%         1
 Poisonous Vapours        Pois/Air       0%         N/A       43%         2
 Ignite Poison            Fire/Tmut/Pois 0%         N/A       67%         3
 Kindle Blastsparks       Fire/Tloc/Air  0%         2d10      67%         3
 Olgreb's Toxic Radiance  Pois           0%         N/A       97%         4
 Freezing Cloud           Conj/Ice/Air   0%         6-21      100%        5


Dungeon Overview and Level Annotations

Branches:
Dungeon (6/15)             Temple (0/1) D:6           Sewer (visited)

Altars:
Okawaru
Sif Muna

Shops:
D:5 (


Innate Abilities, Weirdness & Mutations

You are small and have problems with some larger weapons.
You are completely attuned to the shadows.
You are partially covered in iridescent scales. (AC +2)
You have supernaturally acute eyesight. (SInv)
Your flesh is cold resistant. (rC+)


Message History

The gnoll is severely wounded.
The gnoll hits you with a +0 club.
* * * LOW HITPOINT WARNING * * *
You hit the gnoll.
You kill the gnoll!
The gnoll closely misses you.
You see here a +0 club.
You hit the gnoll.
The gnoll is moderately wounded.
The gnoll closely misses you.
You barely miss the gnoll.
The gnoll is moderately wounded.
You hit the gnoll but do no damage.
The gnoll is moderately wounded.
The gnoll hits you with a +0 whip!
* * * LOW HITPOINT WARNING * * *
You hit the gnoll.
The gnoll is heavily wounded.
The gnoll completely misses you.
You hit the gnoll but do no damage.
The gnoll is heavily wounded.
The gnoll hits you with a +0 whip.
* * * LOW HITPOINT WARNING * * *
You hit the gnoll.
The gnoll is severely wounded.
You barely miss the gnoll.
The gnoll is severely wounded.
The gnoll closely misses you.
You hit the gnoll but do no damage.
The gnoll is severely wounded.
The gnoll misses you.
You hit the gnoll but do no damage.
The gnoll is severely wounded.
You hit the gnoll but do no damage.
The gnoll is severely wounded.
The gnoll closely misses you.
You hit the gnoll.
The gnoll is severely wounded.
The gnoll hits you with a +0 whip!
You die...

#. #. ...
..#####.>.
#....#....
#..#...#
##..
######....##
#....
#...)@g..#.#
#...
#.######...#
.###.###.#
##..#
.........#
#..
###.#####
#.# #.# #.#
#.#


You could see a gnoll.

Vanquished Creatures
  Pargi (Sewer)
  A water moccasin (D:5)
  An ogre (D:5)
  A phantom (D:6)
  A bullfrog (D:6)
  A scorpion (D:4)
  A necrophage (D:6)
  A hound (D:5)
  A gnoll bouda (D:6)
  4 iguanas
  A river rat (D:3)
  10 adders
  6 gnolls
  2 ufetubi
  3 worms (D:2)
  3 dart slugs
  7 orcs
  2 bats
  7 endoplasms
  3 giant cockroaches
  8 goblins
  11 hobgoblins
  7 jackals
  12 kobolds
  4 quokkas
  5 ball pythons
  6 frilled lizards
  3 rats
113 creatures vanquished.

Notes
Turn   | Place    | Note
-------+----------+-------------------------------------------
     0 | D:1      | cforsyth the Kobold Brigand began the quest for the Orb.
     0 | D:1      | Reached XP level 1. HP: 12/12 MP: 1/1
   125 | D:1      | Reached XP level 2. HP: 18/18 MP: 2/2
   345 | D:1      | Reached XP level 3. HP: 22/22 MP: 3/3
   857 | D:2      | Reached XP level 4. HP: 27/27 MP: 4/4
   927 | D:2      | Reached skill level 6 in Stealth
  1062 | D:2      | Reached XP level 5. HP: 28/32 MP: 5/5
  1628 | D:3      | Found a glowing drain.
  1634 | Sewer    | Entered a sewer
  1736 | Sewer    | Noticed Pargi
  1752 | Sewer    | Gained mutation: You have a pair of small horns on your
                  | head. [potion of mutation]
  1752 | Sewer    | Gained mutation: You have a somewhat thin skeletal
                  | structure. (Dex +2, Stealth+) [potion of mutation]
  1768 | Sewer    | HP: 1/32 [Pargi (2)]
  1783 | Sewer    | Killed Pargi
  1784 | Sewer    | Reached XP level 6. HP: 10/38 MP: 6/6
  2149 | D:3      | Lost mutation: You have a somewhat thin skeletal structure.
                  | (Dex +2, Stealth+) [potion of mutation]
  2149 | D:3      | Lost mutation: You have a pair of small horns on your head.
                  | [potion of mutation]
  2149 | D:3      | Gained mutation: You are somewhat resistant to further
                  | mutation. [potion of mutation]
  2150 | D:3      | Lost mutation: You are somewhat resistant to further
                  | mutation. [potion of mutation]
  2150 | D:3      | Gained mutation: Your flesh is cold resistant. (rC+)
                  | [potion of mutation]
  2150 | D:3      | Gained mutation: You are partially covered in iridescent
                  | scales. (AC +2) [potion of mutation]
  2150 | D:3      | Gained mutation: You have supernaturally acute eyesight.
                  | (SInv) [potion of mutation]
  2243 | D:3      | Identified the +10 mace "Zefeav" {venom, Int+4}
  3119 | D:4      | Reached skill level 5 in Short Blades
  3119 | D:4      | Reached skill level 7 in Stealth
  3821 | D:5      | Entered Level 5 of the Dungeon
  3842 | D:5      | Noticed a water moccasin
  3846 | D:5      | Killed a water moccasin
  3847 | D:5      | Reached XP level 7. HP: 44/44 MP: 7/7
  3932 | D:5      | Found Tullopn's Weapon Shoppe.
  4822 | D:5      | Found a shimmering blue altar of Sif Muna.
  5257 | D:6      | Reached skill level 5 in Fighting
  5257 | D:6      | Reached skill level 5 in Dodging
  5257 | D:6      | Reached XP level 8. HP: 44/49 MP: 8/8
  5274 | D:6      | Reached skill level 8 in Stealth
  5451 | D:6      | Found an iron altar of Okawaru.
  5557 | D:6      | Found a staircase to the Ecumenical Temple.
  5626 | D:6      | Slain by a gnoll

Illustrated notes

Levels and vault maps discovered:
D:1:      dpeg_arrival_water_temple_mockup, layout_basic, serial_glass,
          glass_columns_a, glass_columns_c, chequers_serial_rivers_marsh,
          minmay_misc_feat_plants
D:2:      layout_basic, nicolae_half_adder
D:3:      layout_loops_cross, cheibrodos_sewer_entry_sluice, dk_noncrumbling_3
D:4:      layout_loops_corners, minmay_fractal_squares_diagonal_5
D:5:      layout_basic, led_sif_pool, serial_shops,
          nicolae_shop_bloodbath_and_beyond
D:6:      layout_loops_corners, mainiacjoe_overflow_brackets,
          mainiacjoe_overflow_24_doors, minmay_temple_entry_arrows,
          serial_shops, nicolae_shop_trees, chequers_arboretum

Skill      XL: |  1  2  3  4  5  6  7  8 |
---------------+-------------------------+-----
Short Blades   | 3 4 5 6 |  6.6
Dodging        | 2 3 4 5 |  5.4
Fighting       | 3 4 5 |  5.4
Stealth        | 6 7 8 |  8.4
Throwing       | |  2.1

Action                     |  1- 3 |  4- 6 |  7- 9 || total
---------------------------+-------+-------+-------++-------
  Melee: Dagger            |    79 |   249 |   259 ||   587
         Punch             |       |     2 |     2 ||     4
         Headbutt          |       |     5 |       ||     5
    Use: Potion            |       |    10 |       ||    10
   Stab: Sleeping          |    20 |    14 |     7 ||    41
 Armour: Robe              |     5 |    56 |    28 ||    89
  Dodge: Dodged            |    37 |   216 |   164 ||   417

Table legend: (Time is in decaauts)
 A = Elapsed time spent in this place.
 B = Non-inter-level travel time spent in this place.
 C = Inter-level travel time spent in this place.
 D = Time resting spent in this place.
 E = Time spent auto-exploring this place.
 F = Levels seen in this place.
 G = Mean time per level.
                   A        B        C        D        E       F      G
               +--------+--------+--------+--------+--------+-----+--------+
         Total |   5465 |   5322 |    143 |    105 |   4264 |   7 |  780.7 |
       Dungeon |   5169 |   5026 |    143 |      0 |   4138 |   6 |  861.5 |
         Sewer |    296 |    296 |      0 |    105 |    126 |   1 |  296.0 |
               +--------+--------+--------+--------+--------+-----+--------+

Top non-repeatable levels by time:
     D:5: 1311 daAuts
     D:4: 1158 daAuts
     D:3: 827 daAuts
     D:1: 812 daAuts
     D:2: 646 daAuts
     D:6: 413 daAuts
   Sewer: 296 daAuts
